 Dungeon Crawl Stone Soup version 0.25-a0-670-g50981ef (webtiles) character file.

Game seed: 1582483445255345448, levelgen mode: deterministic

37 Faca the Vandal (level 3, 0/25 HPs)
             Began as a Halfling Hunter on Mar 29, 2020.
             Killed from afar by Sigmund (8 damage)
             ... with a magic dart
             ... on level 2 of the Dungeon.
             The game lasted 00:01:42 (1145 turns).

Faca the Vandal (Halfling Hunter)                   Turns: 1145, Time: 00:01:42

Health: 0/25       AC:  3    Str: 14    XL:     3   Next: 62%
Magic:  3/3        EV: 14    Int:  9    God:
Gold:   84         SH:  0    Dex: 14    Spells: 2/2 levels left

rFire    . . .     SeeInvis .   a - +1 hunting sling
rCold    . . .     Gourm    .   (shield restricted)
rNeg     . . .     Faith    .   c - +0 leather armour
rPois    .         Spirit   .   (no helmet)
rElec    .         Reflect  .   (no cloak)
rCorr    .         Harm     .   (no gloves)
MR       .....                  (no boots)
Stlth    +.........             (no amulet)
HPRegen  0.08/turn              (no ring)
MPRegen  0.08/turn              (no ring)

@: lethally poisoned (0 -> -4)
A: small, mutation resistance 1
a: no special abilities


You were on level 2 of the Dungeon.
You were not hungry.

You visited 1 branch of the dungeon, and saw 2 of its levels.

You collected 84 gold pieces.

Inventory:

Hand Weapons
 a - a +1 hunting sling (weapon)
 b - a +0 short sword
Missiles
 d - 20 sling bullets
 e - 38 stones (quivered)
Armour
 c - a +0 leather armour (worn)
Potions
 l - a potion of flight {unknown}
Comestibles
 f - a ration


   Skills:
 + Level 2.6 Fighting
 + Level 6.7 Slings
 - Level 2.1 Dodging
 - Level 1.1 Stealth


You had 2 spell levels left.
You didn't know any spells.
Your spell library was empty.

Dungeon Overview and Level Annotations

Branches:
Dungeon (2/15)

Altars:

Annotations:
D:2 Sigmund


Innate Abilities, Weirdness & Mutations

You are small and have problems with some larger weapons.
You are somewhat resistant to further mutation.


Message History

You shoot a stone. The stone closely misses the adder.
The adder bites you.
You are poisoned.
The adder poisons you! Something barely misses you.
Firing (i - inventory. (/) - cycle)
e - 40 stones (quivered)
Press: ? - help, Shift-Dir - straight line, f/p - adder
Aim: an adder (severely wounded)
You shoot a stone. The stone hits the adder.
The adder is almost dead.
You feel sick. The adder bites you.
Firing (i - inventory. (/) - cycle)
e - 39 stones (quivered)
Press: ? - help, Shift-Dir - straight line, f/p - adder
Aim: an adder (almost dead)
You shoot a stone. The stone hits the adder.
You kill the adder!
Something hits you!
You are too injured to fight recklessly!
You feel sick.
A magic dart appears from out of thin air!
The magic dart hits you!
You die...

###################
#.........##......#
#.#######.##.####.#
#.#
#####.##.####.####
#.#
#.................
#.#
#.###.##.##.รท.####
#.###.###.##.#.....#
#
#....@..).##.##...##
####.#######......#
#.# #####.## #.# #.#
#{# #+# #(# #(# #.#
#....# #


There were no monsters in sight!

Vanquished Creatures
  An adder (D:2)
  An ooze (D:1)
  A leopard gecko (D:1)
  A ball python (D:1)
  2 giant cockroaches (D:1)
  2 goblins (D:1)
  2 hobgoblins
  4 bats
  A frilled lizard (D:1)
  6 kobolds
  3 rats (D:1)
24 creatures vanquished.

Notes
Turn   | Place    | Note
-------+----------+-------------------------------------------
     0 | D:1      | Faca the Halfling Hunter began the quest for the Orb.
     0 | D:1      | Reached XP level 1. HP: 14/14 MP: 1/1
    97 | D:1      | Reached skill level 6 in Slings
   272 | D:1      | Reached XP level 2. HP: 19/19 MP: 2/2
   403 | D:1      | Reached XP level 3. HP: 18/25 MP: 3/3
  1130 | D:2      | Noticed Sigmund
  1145 | D:2      | Killed from afar by Sigmund

Levels and vault maps discovered:
D:1:      minmay_arrival_shattered_statue, layout_loops_ring, minmay_cut_off
D:2:      layout_loops_corners, kennysheep_okawaru_gauntlet, uniq_sigmund

Skill      XL: |  1 |
---------------+----+-----
Slings         | 6 |  6.7
Fighting       | 2 |  2.6
Dodging        | |  2.1
Stealth        | |  1.1

Action                   || total
-------------------------++-------
Melee: Short sword       ||    72
 Fire: Hunting sling     ||    19
  Use: Scroll            ||     4
  Eat: Chunk             ||     1
Armor: Leather armour    ||    23
Dodge: Dodged            ||    67

Table legend:
 A = Non-vault XP
 B = Vault XP
 C = Vault XP percentage of total XP
 D = Non-vault monster count
 E = Vault monster count
 F = Vault count percentage of total count
                 A         B        C        D         E       F
            +---------+---------+-------+---------+---------+-------
      Total |      39 |      15 |  27.8 |      19 |       5 |  20.8
            +---------+---------+-------+---------+---------+-------
        D:1 |      20 |      15 |  42.9 |      15 |       5 |  25.0
        D:2 |      19 |       0 |   0.0 |       4 |       0 |   0.0
            +---------+---------+-------+---------+---------+-------
